 Dungeon Crawl Stone Soup version 0.31-a0-746-ge8284cb111 (webtiles) character file.

Game seed: 9758612108666230722

942 GordonOverkill the Sneak (level 7, -2/36 (41) HPs)
             Began as a Deep Elf Delver on Sept 14, 2023.
             Slain by a wight
             ... wielding a +0 spear
              (3 damage)
             ... on level 6 of the Dungeon.
             The game lasted 00:19:04 (6544 turns).

GordonOverkill the Sneak (Deep Elf Delver)          Turns: 6544, Time: 00:19:04

HP:   -2/36 (41)    AC:  4    Str:  9    XL:     7   Next: 88%
MP:   11/15         EV: 12    Int: 17    God:
Gold: 276           SH:  0    Dex: 16    Spells: 10/14 levels left

rFire   . . .        a - +0 short sword
rCold   . . .        (no shield)
rNeg    . . .        b - +0 leather armour
rPois   .            f - +0 helmet
rElec   .            (no cloak)
rCorr   .            (no gloves)
SInv    .            (no boots)
Will    .....        (no amulet)
Stlth   +++          (no ring)
HPRegen 0.26/turn    (no ring)
MPRegen 0.14/turn

%: no passive effects
@: heavily drained
A: no striking features
a: no special abilities


You were on level 6 of the Dungeon.
You visited 1 branch of the dungeon, and saw 6 of its levels.

You collected 276 gold pieces.

Inventory:

Hand Weapons
 a - a +0 short sword (weapon)
Missiles
 d - 2 poisoned darts (quivered)
 t - a throwing net
Armour
 b - a +0 leather armour (worn)
 f - a +0 helmet (worn)
Jewellery
 l - an amulet of faith
Wands
 g - a wand of digging (2)
 h - a wand of iceblast (3)
 y - a wand of flame (4)
Scrolls
 c - 2 scrolls of fog
 i - a scroll of fear
 j - a scroll of identify
 k - a scroll of amnesia
 w - a scroll of revelation
Potions
 e - 5 potions of curing {unknown}
 n - a potion of mutation {unknown}
 o - 2 potions of heal wounds
 p - a potion of invisibility {unknown}
 q - 2 potions of haste
 r - a potion of lignification {unknown}
 s - a potion of might
 u - a potion of magic {unknown}


   Skills:
 - Level 3.0 Fighting
 - Level 3.0 Short Blades
 - Level 1.0 Throwing
 - Level 3.0 Dodging
 - Level 6.0 Stealth
 - Level 4.0 Spellcasting
 + Level 2.4 Conjurations
 - Level 4.0 Ice Magic
 - Level 6.0 Earth Magic
 - Level 2.0 Evocations


You had 10 spell levels left.
You knew the following spells:

 Your Spells              Type           Power      Damage    Failure   Level
a - Ozocubu's Armour      Ice            17%        N/A       13%         3
b - Sandblast             Erth           46%        2d11      1%          1

Your spell library contained the following spells:

 Spells                   Type           Power      Damage    Failure   Level
 Passwall                 Tmut/Erth      10%        N/A       10%         2
 Stone Arrow              Conj/Erth      34%        3d9       12%         3
 Momentum Strike          Conj/Tloc      14%        3d8       21%         2
 Apportation              Tloc           6%         N/A       22%         1
 Necrotise                Necr           12%        1d4       22%         1
 Summon Small Mammal      Summ           12%        N/A       22%         1
 Blink                    Tloc           6%         N/A       32%         2
 Lesser Beckoning         Tloc           6%         N/A       32%         2
 Gell's Gravitas          Tloc           3%         N/A       54%         3
 Teleport Other           Tloc           3%         N/A       54%         3
 Metabolic Englaciation   Hex/Ice        5%         N/A       95%         5
 Simulacrum               Ice/Necr       5%         N/A       100%        6


Dungeon Overview and Level Annotations

Branches:
Dungeon (6/15)
 Temple: D:4-7

Altars:

Annotations:
D:5 GreedOfGod's ghost, amateur DsFi


Message History

The blast of sand hits the wight.
The wight is lightly damaged.
The wight hits you with a +5 long sword!
You feel drained.
Casting: Sandblast (safe; 1% risk of failure)
Confirm with . or Enter, or press ? or * to list all spells.
Aiming: Sandblast (safe; 1% risk of failure)
Press: ? - help, Shift-Dir - straight line, f/p - wight
Aim: a wight, wielding a +0 spear and wearing a +0 robe (severely damaged, 83% to hit)
The blast of sand hits the wight!
The wight is severely damaged.
The wight barely misses you.
The wight hits you with a +5 long sword.
* * * LOW HITPOINT WARNING * * *
The wight closely misses you.
Casting: Sandblast (safe; 1% risk of failure)
Confirm with . or Enter, or press ? or * to list all spells.
Aiming: Sandblast (safe; 1% risk of failure)
Press: ? - help, Shift-Dir - straight line, f/p - wight
Aim: a wight, wielding a +0 spear and wearing a +0 robe (severely damaged, 83% to hit)
The blast of sand hits the wight but does no damage.
The wight is severely damaged.
The wight misses you.
The wight hits you from afar with a +0 spear.
* * * LOW HITPOINT WARNING * * *
You feel drained.
* * * LOW HITPOINT WARNING * * *
The wight hits you with a +5 long sword!
* * * LOW HITPOINT WARNING * * *
Casting: Sandblast (safe; 1% risk of failure)
Confirm with . or Enter, or press ? or * to list all spells.
Aiming: Sandblast (safe; 1% risk of failure)
Press: ? - help, Shift-Dir - straight line, f/p - wight
Aim: a wight, wielding a +0 spear and wearing a +0 robe (severely damaged, 83% to hit)
The blast of sand hits the wight but does no damage.
The wight is severely damaged.
The wight hits you from afar with a +0 spear!
* * * LOW HITPOINT WARNING * * *
You feel drained.
You die...

###..# ....#
#. #...# ##.
#...#
.##...####
#...#
....)z...#
#...#######.
###...##z#
#...........
####. #z#
#.#.########
#....###@##
#.#.# +#
+.#...###.#.#
#......)..#.#
##.)..#####.#
#.#.## #...#
#...# #.###
##.#.# #.#
#....# #.#
##.### #.#


You could see 2 wights.

Vanquished Creatures
  2 ogres (D:5)
  2 scorpions
  2 wights (D:6)
  A howler monkey (D:4)
  4 hounds
  An orc priest (D:5)
  A jelly (D:6)
  Jessica (D:2)
  2 iguanas
  Robin (D:2)
  10 adders
  3 white imps
  An ufetubus (D:5)
  7 worms
  5 dart slugs
  6 orcs
  4 bats
  7 endoplasms
  2 giant cockroaches (D:4)
  14 goblins
  10 hobgoblins
  4 jackals (D:1)
  7 kobolds
  6 quokkas
  6 ball pythons
  4 frilled lizards
  5 rats
118 creatures vanquished.

Notes
Turn   | Place    | Note
-------+----------+-------------------------------------------
     0 | D:5      | GordonOverkill the Deep Elf Delver began the quest for the
                  | Orb.
     0 | D:5      | Reached XP level 1. HP: 13/13 MP: 3/3
    24 | D:6      | Noticed a jelly
   112 | D:5      | Found a runed translucent gate.
   112 | D:5      | Found a runed translucent gate.
   130 | D:4      | Reached skill level 1 in Evocations
   154 | D:4      | Noticed a scorpion
   172 | D:4      | Noticed a hound
   178 | D:4      | Killed a hound
   179 | D:4      | Reached skill level 1 in Throwing
   179 | D:4      | Reached XP level 2. HP: 12/19 MP: 4/4
   179 | D:4      | Reached XP level 3. HP: 15/23 MP: 5/5
   343 | D:4      | Reached skill level 1 in Spellcasting
   343 | D:4      | Reached XP level 4. HP: 17/28 MP: 5/7
   416 | D:4      | Reached skill level 1 in Ice Magic
   587 | D:4      | Learned a level 3 spell: Ozocubu's Armour
  1068 | D:1      | Reached XP level 5. HP: 32/32 MP: 10/10
  1685 | D:2      | Noticed Robin
  1931 | D:2      | Noticed Jessica
  1950 | D:2      | Killed Jessica
  2420 | D:2      | Killed Robin
  2929 | D:3      | Found a faded altar of an unknown god.
  3267 | D:3      | Reached XP level 6. HP: 31/37 MP: 13/13
  3840 | D:3      | Learned a level 1 spell: Sandblast
  4674 | D:5      | Found a runed translucent gate.
  4675 | D:5      | Noticed GreedOfGod's ghost (amateur DsFi)
  5006 | D:4      | Reached skill level 1 in Earth Magic
  5217 | D:5      | Reached XP level 7. HP: 41/41 MP: 10/15
  5781 | D:5      | Reached skill level 5 in Earth Magic
  5781 | D:5      | Reached skill level 1 in Conjurations
  6544 | D:6      | HP: 1/37 [wight/+0 spear (9)]
  6544 | D:6      | Slain by a wight

Illustrated notes

Levels and vault maps discovered:
D:1:      reono_arrival_forest_river, layout_basic
D:2:      layout_loops_ring, uniq_robin, uniq_jessica
D:3:      minmay_spotlight, layout_loops_ring,
          dreamdust_ecumenical_altar_angels_and_demons, nicolae_wormholes
D:4:      layout_loops_corners, minmay_vboxes
D:5:      layout_rooms, ebering_ghost_rock_garden
D:6:      layout_loops_ring, gup_sewer_entry_bowl, minmay_misc_feat_nine_boxes,
          minmay_lizard_king

Skill      XL: |  1  2  3  4  5  6  7 |
---------------+----------------------+-----
Evocations     | 2 |  2.0
Throwing       | 1 |  1.0
Fighting       | 3 |  3.0
Short Blades   | 3 |  3.0
Spellcasting   | 1 2 3 4 |  4.0
Ice Magic      | 2 3 4 |  4.0
Dodging        | 3 |  3.0
Earth Magic    | 3 6 |  6.0
Conjurations   | 2 |  2.4
Stealth        | |  6.0

Action                     |  1- 3 |  4- 6 |  7- 9 || total
---------------------------+-------+-------+-------++-------
  Melee: Short sword       |    30 |   326 |       ||   356
         Punch             |       |     3 |       ||     3
  Throw: Dart              |     5 |    44 |       ||    49
   Cast: Sandblast         |       |     9 |    58 ||    67
  Evoke: Wand              |     5 |    13 |       ||    18
    Use: Scroll            |     2 |     7 |     1 ||    10
         Potion            |     1 |       |       ||     1
   Stab: Sleeping          |     3 |    21 |       ||    24
         Distracted        |       |     1 |       ||     1
 Armour: Leather armour    |    14 |   138 |    20 ||   172
  Dodge: Dodged            |    10 |   182 |    18 ||   210

Table legend: (Time is in decaauts)
 A = Elapsed time spent in this place.
 B = Non-inter-level travel time spent in this place.
 C = Inter-level travel time spent in this place.
 D = Time resting spent in this place.
 E = Time spent auto-exploring this place.
 F = Levels seen in this place.
 G = Mean time per level.
                   A        B        C        D        E       F      G
               +--------+--------+--------+--------+--------+-----+--------+
         Total |   6517 |   6294 |    223 |   1986 |   2214 |   6 | 1086.2 |
       Dungeon |   6517 |   6294 |    223 |   1986 |   2214 |   6 | 1086.2 |
               +--------+--------+--------+--------+--------+-----+--------+

Top non-repeatable levels by time:
     D:4: 1526 daAuts
     D:5: 1397 daAuts
     D:2: 1240 daAuts
     D:3: 1018 daAuts
     D:1: 994 daAuts
     D:6: 340 daAuts
